 Dungeon Crawl Stone Soup version 0.31-a0-182-gc5ef74bbde (webtiles) character file.

Game seed: 7139465447400315427

4976 qw the Blocker (level 10, -1/60 HPs)
             Began as a Gargoyle Fighter on June 21, 2023.
             Was a Believer of Okawaru.
             Slain by a boulder beetle (14 damage)
             ... on level 8 of the Dungeon.
             The game lasted 00:03:49 (7506 turns).

qw the Blocker (Gargoyle Fighter)                   Turns: 7506, Time: 00:03:50

Health: -1/60      AC: 27    Str: 24    XL:     10   Next: 53%
Magic:  11/13      EV:  8    Int: 12    God:    Okawaru [**....]
Gold:   132        SH: 19    Dex: 15    Spells: 9/9 levels left

rFire   . . .        o - +3 war axe
rCold   + . .        n - +0 tower shield
rNeg    + . .        c - +0 plate armour {rC+}
rPois   inf          l - +1 helmet {Int+3}
rElec   +            h - +0 cloak
rCorr   .            i - +0 pair of gloves
SInv    .            (no boots)
Will    .....        j - amulet of the acrobat Stlth
                     f - +6 ring of dexterity
HPRegen 0.30/turn    (no ring)
MPRegen 0.13/turn

%: acrobat
@: heroic
A: sickness immunity, AC +7, negative energy resistance 1, electricity
resistance, torment resistance 1, petrification resistance
a: Renounce Religion, Heroism


You were on level 8 of the Dungeon.
You worshipped Okawaru.
Okawaru was pleased with you.
You visited 2 branches of the dungeon, and saw 9 of its levels.

You collected 343 gold pieces.
You spent 211 gold pieces at shops.


Innate Abilities, Weirdness & Mutations

You are immune to sickness and miasma.
Your stone body is resilient. (AC +7)
You are immune to poison.
You resist negative energy. (rN+)
You are resistant to electric shocks. (rElec)
You are resistant to unholy torment.
You are immune to petrification.


   Skills:
 - Level 6.0(11.0) Fighting
 + Level 8.6(13.6) Axes
 - Level 1.2(6.2) Throwing
 - Level 5.0(10.0) Armour
 - Level 1.0(6.0) Dodging
 - Level 11.2(16.2) Shields
 - Level 4.0 Invocations


You had 9 spell levels left.
You didn't know any spells.
Your spell library was empty.

Inventory:

Hand Weapons
 o - a +3 war axe (weapon)
 r - a +2 morningstar of holy wrath
Missiles
 p - 2 boomerangs (quivered)
Armour
 c - a +0 plate armour of cold resistance (worn)
 h - a +0 cloak (worn)
 i - a +0 pair of gloves (worn)
 l - a +1 helmet of intelligence (worn)
 n - a +0 tower shield (worn)
 q - a +2 chain mail of fire resistance
Jewellery
 f - a +6 ring of dexterity (left hand)
 j - an amulet of the acrobat (around neck)
 k - a ring of ice
Scrolls
 s - 2 scrolls of identify
Potions
 a - a potion of magic
 b - a potion of mutation {unknown}
 d - 3 potions of might
 e - 4 potions of curing
 g - a potion of attraction
 m - a potion of haste {unknown}
 t - a potion of brilliance {unknown}
 u - a potion of ambrosia {unknown}

Dungeon Overview and Level Annotations

Branches:
Dungeon (8/15)             Temple (1/1) D:4
   Lair: D:8-11

Altars:
Ashenzari
Cheibriados
Elyvilon
Fedhas
Gozag
Hepliaklqana
Kikubaaqudgha
Nemelex Xobeh
Okawaru
Qazlal
Ru
Sif Muna
Trog
Uskayaw
Vehumet
Wu Jian
Xom
Yredelemnul
The Shining One

Shops:
D:5 :=   D:6 *   D:7 *   D:8 [


Message History

You hit the boulder beetle but do no damage.
You block the boulder beetle's attack.
You slash the boulder beetle!
The boulder beetle is lightly wounded.
A bullfrog comes into view.
You block the boulder beetle's attack.
The bullfrog gives a loud, deep croak!
You hit the boulder beetle but do no damage.
The boulder beetle is lightly wounded.
The boulder beetle bites you but does no damage.
You slash the boulder beetle!
The boulder beetle is moderately wounded.
You block the boulder beetle's attack.
You slash the boulder beetle!
The boulder beetle is moderately wounded.
You hit the boulder beetle.
The boulder beetle is moderately wounded.
You block the boulder beetle's attack.
You hit the boulder beetle but do no damage.
The boulder beetle is moderately wounded.
You slash the bullfrog! The boulder beetle bites you.
You block the bullfrog's attack.
You slash the bullfrog!
You kill the bullfrog!
Okawaru accepts your kill.
You hit the boulder beetle but do no damage.
You block the boulder beetle's attack.
You hit the boulder beetle but do no damage.
The boulder beetle is moderately wounded.
The boulder beetle closely misses you.
A jelly comes into view.
The jelly quivers.
You hit the boulder beetle but do no damage.
The boulder beetle is moderately wounded.
You feel like a meek peon again. You block the boulder beetle's attack.
7506 ||| INVOKING Heroism.
You gain the combat prowess of a mighty hero.
The boulder beetle bites you!
You die...

###....####....####..
#.......#.......#....
.....##......##......#
....# ##....####..(.##
#### ##'### ####+##
#####.# # #.....# #
#.##### # ###@# #
#.B%# # #)).# #
#.)##.# # #.. #.# #
..## .J# # #.. ... #
..# #.# # #.. .# #


You could see a boulder beetle and a jelly.

Vanquished Creatures
  Pikel (D:5)
  Joseph (D:7)
  A hornet (D:8)
  A vampire (D:8)
  A yak (D:8)
  A steam dragon (D:6)
  A water moccasin (D:4)
  2 orc warriors
  An ice beast (D:8)
  2 sky beasts (D:8)
  A black bear (D:4)
  2 ogres
  2 phantoms
  3 centaurs
  2 lemures (D:5)
  3 bullfrogs
  3 kobold brigands
  3 scorpions
  14 wights
  2 killer bees (D:8)
  4 jellies
  4 hounds (D:5)
  2 orc priests
  2 sleepcaps
  9 iguanas
  6 orc wizards
  15 adders
  A shadow imp (D:5)
  A white imp (D:7)
  2 ufetubi (D:4)
  5 worms
  2 dart slugs
  16 orcs
  4 endoplasms
  2 giant cockroaches
  6 goblins
  6 hobgoblins
  3 jackals (D:4)
  4 quokkas
  9 ball pythons
  5 bats
  3 frilled lizards
  21 kobolds
  3 rats
182 creatures vanquished.

Notes
Turn   | Place    | Note
-------+----------+-------------------------------------------
     0 | D:1      | qw the Gargoyle Fighter began the quest for the Orb.
     0 | D:1      | Reached XP level 1. HP: 14/14 MP: 1/1
     0 | D:1      | 0 ||| qw: Version: 0.3-a-9-g12657ce
     0 | D:1      | 0 ||| qw: Game counter: 1631
     0 | D:1      | 0 ||| qw: Always use a shield: true
     0 | D:1      | 0 ||| qw: God list: Okawaru
     0 | D:1      | 0 ||| qw: Allow faded altars: false
     0 | D:1      | 0 ||| qw: Do Orc after D:15 true
     0 | D:1      | 0 ||| qw: Do second Lair branch before Depths: true
     0 | D:1      | 0 ||| qw: Lair rune preference: random
     0 | D:1      | 0 ||| qw: Plans: Normal, Zot:1-4, Slime:5, God:TSO, Crypt,
                  | Tomb, Abyss, Pan, Hells, Win
     0 | D:1      | 0 ||| PLANNING D:1-11
   183 | D:1      | 183 ||| Stepping ~*~*~tactically~*~*~ (stealth).
   190 | D:1      | Reached XP level 2. HP: 19/19 MP: 2/2
   191 | D:1      | 191 ||| Stepping ~*~*~tactically~*~*~ (stealth).
   192 | D:1      | 192 ||| Stepping ~*~*~tactically~*~*~ (stealth).
   634 | D:1      | 634 ||| UPGRADING to +0 pair of gloves.
   639 | D:1      | 639 ||| READING 2 scrolls labelled ICWEMICANKI.
   640 | D:1      | 640 ||| READING scroll of enchant weapon.
   640 | D:1      | 640 ||| ENCHANTING +1 war axe.
   641 | D:1      | 641 ||| READING scroll labelled UQOUNG KABRU.
   742 | D:1      | 742 ||| READING scroll labelled INWIFU AGIFF.
   743 | D:1      | 743 ||| DRINKING 4 glowing sapphire potions.
   776 | D:2      | Reached skill level 3 in Axes
   792 | D:2      | Found a faded altar of an unknown god.
   846 | D:2      | 846 ||| DROPPING +0 club.
   869 | D:2      | Reached XP level 3. HP: 23/23 MP: 3/3
  1032 | D:2      | 1032 ||| Stepping ~*~*~tactically~*~*~ (stealth).
  1033 | D:2      | 1033 ||| Stepping ~*~*~tactically~*~*~ (stealth).
  1038 | D:2      | 1038 ||| Stepping ~*~*~tactically~*~*~ (stealth).
  1044 | D:2      | 1044 ||| Stepping ~*~*~tactically~*~*~ (stealth).
  1264 | D:2      | 1264 ||| Stepping ~*~*~tactically~*~*~ (stealth).
  1270 | D:2      | Reached XP level 4. HP: 28/28 MP: 4/4
  1448 | D:2      | 1448 ||| UPGRADING to +6 ring of dexterity.
  1449 | D:2      | 1449 ||| READING scroll labelled PYSCHA KULE.
  1630 | D:3      | Reached skill level 1 in Dodging
  2113 | D:3      | 2113 ||| DROPPING scarf of harm.
  2114 | D:3      | 2114 ||| READING scroll labelled VASOEMA OZITS.
  2225 | D:4      | Reached XP level 5. HP: 31/32 MP: 5/5
  2241 | D:4      | 2241 ||| Stepping ~*~*~tactically~*~*~ (stealth).
  2319 | D:4      | Noticed a water moccasin
  2320 | D:4      | 2320 ||| Stepping ~*~*~tactically~*~*~ (stealth).
  2334 | D:4      | Killed a water moccasin
  2335 | D:4      | Reached XP level 6. HP: 24/37 MP: 6/6
  2551 | D:4      | Found a staircase to the Ecumenical Temple.
  2552 | D:4      | 2552 ||| PLANNING TEMPLE
  2552 | D:4      | 2552 ||| UPGRADING to +0 helmet.
  2557 | D:4      | 2557 ||| UPGRADING to +0 tower shield.
  2558 | D:4      | 2558 ||| Stepping ~*~*~tactically~*~*~ (stealth).
  2559 | D:4      | 2559 ||| Stepping ~*~*~tactically~*~*~ (stealth).
  2560 | D:4      | 2560 ||| UPGRADING to +0 tower shield.
  2570 | D:4      | 2570 ||| DROPPING +0 buckler.
  2571 | D:4      | 2571 ||| UPGRADING to +0 chain mail.
  2581 | D:4      | 2581 ||| DROPPING +0 scale mail.
  2582 | D:4      | 2582 ||| READING scroll labelled ZEEMUMNIUJASM.
  2583 | D:4      | 2583 ||| READING 2 scrolls labelled EPPONKUSAU.
  2584 | D:4      | 2584 ||| DROPPING scroll of amnesia.
  2591 | Temple   | Entered the Ecumenical Temple
  2600 | Temple   | 2600 ||| PLANNING OKAWARU WORSHIP
  3197 | Temple   | Became a worshipper of Warmaster Okawaru
  3198 | Temple   | 3198 ||| PLANNING D:1-11
  3245 | D:4      | Reached skill level 4 in Shields
  3263 | D:4      | Noticed a black bear
  3273 | D:4      | Killed a black bear
  3274 | D:4      | Reached skill level 5 in Shields
  3526 | D:4      | Reached * piety under Okawaru
  3527 | D:4      | Reached XP level 7. HP: 39/41 MP: 7/7
  3563 | D:4      | 3563 ||| Stepping ~*~*~tactically~*~*~ (hiding).
  3583 | D:4      | Reached skill level 1 in Invocations
  3724 | D:4      | 3724 ||| INVOKING Heroism.
  3735 | D:4      | Reached skill level 6 in Shields
  3772 | D:4      | 3772 ||| INVOKING Heroism.
  3782 | D:4      | Reached skill level 3 in Invocations
  3785 | D:4      | 3785 ||| Stepping ~*~*~tactically~*~*~ (stealth).
  3952 | D:4      | 3952 ||| Stepping ~*~*~tactically~*~*~ (stealth).
  4132 | D:4      | 4132 ||| UPGRADING to +0 plate armour of cold resistance.
  4142 | D:4      | 4142 ||| UPGRADING to +1 helmet of intelligence.
  4152 | D:4      | 4152 ||| DROPPING +0 helmet.
  4153 | D:4      | 4153 ||| DROPPING +0 chain mail.
  4202 | D:5      | Entered Level 5 of the Dungeon
  4208 | D:5      | Reached XP level 8. HP: 46/46 MP: 10/10
  4237 | D:5      | 4237 ||| DROPPING +0 whip.
  4245 | D:5      | Found Saireb's Vocational Training.
  4267 | D:5      | 4267 ||| Stepping ~*~*~tactically~*~*~ (hiding).
  4271 | D:5      | 4271 ||| Stepping ~*~*~tactically~*~*~ (hiding).
  4374 | D:5      | 4374 ||| Stepping ~*~*~tactically~*~*~ (stealth).
  4407 | D:5      | 4407 ||| INVOKING Heroism.
  4551 | D:5      | Reached skill level 7 in Shields
  4604 | D:5      | Found Wecue's Jewellery Boutique.
  4607 | D:5      | 4607 ||| SHOPLISTING ring of fire (350 gold, have 236).
  4607 | D:5      | 4607 ||| SHOPLISTING ring of positive energy (280 gold,
                  | have 236).
  4607 | D:5      | 4607 ||| SHOPLISTING ring of protection from cold (350
                  | gold, have 236).
  4607 | D:5      | 4607 ||| SHOPLISTING ring of resist corrosion (280 gold,
                  | have 236).
  4681 | D:5      | 4681 ||| Stepping ~*~*~tactically~*~*~ (stealth).
  4685 | D:5      | 4685 ||| Stepping ~*~*~tactically~*~*~ (stealth).
  4815 | D:5      | Noticed Pikel
  4816 | D:5      | 4816 ||| Stepping ~*~*~tactically~*~*~ (stealth).
  4818 | D:5      | 4818 ||| Stepping ~*~*~tactically~*~*~ (stealth).
  4819 | D:5      | 4819 ||| Stepping ~*~*~tactically~*~*~ (stealth).
  4821 | D:5      | 4821 ||| INVOKING Heroism.
  4829 | D:5      | Killed Pikel
  4830 | D:5      | Reached skill level 9 in Shields
  4838 | D:5      | 4838 ||| Stepping ~*~*~tactically~*~*~ (stealth).
  4848 | D:5      | 4848 ||| Stepping ~*~*~tactically~*~*~ (stealth).
  4988 | D:5      | 4988 ||| DROPPING amulet of magic regeneration.
  4989 | D:5      | 4989 ||| DRINKING 2 sedimented purple potions.
  5050 | D:6      | Reached XP level 9. HP: 52/52 MP: 12/12
  5066 | D:6      | Reached skill level 6 in Axes
  5109 | D:6      | 5109 ||| DROPPING +0 flail.
  5180 | D:6      | 5180 ||| INVOKING Heroism.
  5266 | D:6      | 5266 ||| INVOKING Heroism.
  5373 | D:6      | 5373 ||| Stepping ~*~*~tactically~*~*~ (hiding).
  5383 | D:6      | Reached skill level 10 in Shields
  5519 | D:6      | 5519 ||| INVOKING Heroism.
  5622 | D:6      | 5622 ||| INVOKING Heroism.
  5689 | D:6      | 5689 ||| INVOKING Heroism.
  5894 | D:6      | Found Cahie's Hallowed Reliquary.
  5894 | D:6      | Noticed an angel
  5917 | D:6      | 5917 ||| Stepping ~*~*~tactically~*~*~ (hiding).
  5925 | D:6      | 5925 ||| INVOKING Heroism.
  5932 | D:6      | 5932 ||| FLEEEEING.
  5970 | D:6      | 5970 ||| FLEEEEING.
  5971 | D:6      | 5971 ||| FLEEEEING.
  5972 | D:6      | 5972 ||| FLEEEEING.
  6225 | D:6      | 6225 ||| BUYING +2 morningstar of holy wrath (211 gold).
  6225 | D:6      | Bought a +2 morningstar of holy wrath for 211 gold pieces
  6225 | D:6      | 6225 ||| SHOPLISTING potion of curing (33 gold, have 25).
  6225 | D:6      | 6225 ||| SHOPLISTING potion of heal wounds (55 gold, have
                  | 25).
  6225 | D:6      | 6225 ||| DROPPING +0 morningstar.
  6308 | D:6      | 6308 ||| READING scroll labelled CEICOMARRI.
  6309 | D:6      | 6309 ||| STAIRDANCE
  6311 | D:5      | 6311 ||| READING scroll labelled YMPEAF NA KUNO.
  6312 | D:5      | 6312 ||| READING scroll labelled KIZXAOS HORGHIS.
  6313 | D:5      | 6313 ||| READING scroll labelled GIODOSIOMI.
  6314 | D:5      | 6314 ||| DRINKING 2 dark potions.
  6347 | D:7      | Found Icwun's Lightly-Used Armoury.
  6377 | D:7      | 6377 ||| SHOPLISTING -2 gold dragon scales (980 gold, have
                  | 30).
  6446 | D:7      | Noticed Joseph
  6448 | D:7      | Paralysed by Joseph for 3 turns
  6454 | D:7      | Paralysed by Joseph for 3 turns
  6460 | D:7      | 6460 ||| INVOKING Heroism.
  6472 | D:7      | HP: 12/54 [+1 spectral quarterstaff[Joseph] (4)]
  6474 | D:7      | Killed Joseph
  6475 | D:7      | Reached skill level 11 in Shields
  6655 | D:7      | 6655 ||| Stepping ~*~*~tactically~*~*~ (hiding).
  6663 | D:7      | 6663 ||| Stepping ~*~*~tactically~*~*~ (stealth).
  6669 | D:7      | Reached XP level 10. HP: 59/59 MP: 13/13
  6670 | D:7      | 6670 ||| Stepping ~*~*~tactically~*~*~ (hiding).
  6672 | D:7      | 6672 ||| INVOKING Heroism.
  6688 | D:7      | 6688 ||| SWAPPING to +3 war axe.
  6689 | D:7      | 6689 ||| DROPPING +2 war axe.
  6697 | D:7      | 6697 ||| Stepping ~*~*~tactically~*~*~ (hiding).
  6698 | D:7      | 6698 ||| Stepping ~*~*~tactically~*~*~ (hiding).
  6699 | D:7      | 6699 ||| Stepping ~*~*~tactically~*~*~ (hiding).
  6709 | D:7      | Reached skill level 1 in Throwing
  6772 | D:7      | Reached ** piety under Okawaru
  7013 | D:7      | 7013 ||| DRINKING 6 potions of curing.
  7013 | D:7      | 7013 ||| (to cure confusion)
  7152 | D:7      | 7152 ||| UPGRADING to +0 cloak.
  7157 | D:7      | 7157 ||| UPGRADING to amulet of the acrobat.
  7263 | D:8      | Found Qausurr's Armour Boutique.
  7268 | D:8      | 7268 ||| SHOPLISTING +8 plate armour "Suuriesyk" {rF+ rCorr
                  | Stlth-} (1136 gold, have 93).
  7429 | D:8      | Noticed a boulder beetle
  7430 | D:8      | 7430 ||| INVOKING Heroism.
  7464 | D:8      | 7464 ||| INVOKING Heroism.
  7470 | D:8      | Reached skill level 6 in Fighting
  7473 | D:8      | HP: 15/60 [something (2)]
  7476 | D:8      | HP: 1/60 [something (10)]
  7478 | D:8      | 7478 ||| DRINKING 5 potions of curing.
  7478 | D:8      | 7478 ||| (to cure confusion)
  7479 | D:8      | 7479 ||| INVOKING Heroism.
  7489 | D:8      | HP: 10/60 [yak (2)]
  7492 | D:8      | 7492 ||| FLEEEEING.
  7493 | D:8      | 7493 ||| FLEEEEING.
  7502 | D:8      | HP: 12/60 [boulder beetle (2)]
  7506 | D:8      | 7506 ||| INVOKING Heroism.
  7506 | D:8      | Slain by a boulder beetle

Levels and vault maps discovered:
D:1:      tarquinn_simple_flora_water_d, layout_rooms, hex_medium,
          hangedman_decor_peaks_small
D:2:      layout_loops_ring, hellmonk_ecumenical_altar_slurped_away,
          nicolae_concentric_dashed_squares_mild
D:3:      layout_loops_ring, nicolae_wormholes
D:4:      minmay_clustersquares, layout_cave_pods,
          minmay_temple_entry_antechambers, st_stairs_4, lexackson_kobold_supper
D:5:      layout_basic, serial_shops, kennysheep_mini, nicolae_shop_vocational,
          uniq_pikel
D:6:      layout_loops_corners, serial_aquarium, aquarium_bridge_square
          [aquarium_subvault_bridge, aquarium_subvault_wall,
          aquarium_subvault_bridge, aquarium_subvault_bridge],
          aquarium_bridge_square [aquarium_subvault_balcony,
          aquarium_subvault_window, aquarium_subvault_bridge,
          aquarium_subvault_window], aquarium_window_corner,
          aquarium_window_fake, aquarium_view_2g, aquarium_balcony_3b,
          nicolae_good_shop
D:7:      layout_basic, minivault_26, chequers_serial_rivers_micro_b,
          moated_statue, minmay_shop_damaged, uniq_joseph
D:8:      wad_guarded_room, layout_basic, zin_academy, serial_shops,
          nicolae_shop_crystal
Temple:   compressed_dpeg_triangle_lava_temple

Skill      XL: |  1  2  3  4  5  6  7  8  9 10 |
---------------+-------------------------------+-----
Axes           | 2 3 4 5 7 8 |  8.6
Dodging        | 1 |  1.0
Shields        | 5 6 9 11 | 11.2
Invocations    | 3 4 |  4.0
Fighting       | 4 5 6 |  6.0
Armour         | 4 5 |  5.0
Throwing       | 1 |  1.2

Action                     |  1- 3 |  4- 6 |  7- 9 | 10-12 || total
---------------------------+-------+-------+-------+-------++-------
  Melee: War axe           |    81 |   104 |   317 |   132 ||   634
  Throw: Boomerang         |       |       |       |    21 ||    21
 Invoke: Heroism           |       |       |    11 |     5 ||    16
    Use: Scroll            |     4 |     4 |     4 |       ||    12
         Potion            |     1 |       |     2 |     2 ||     5
   Stab: Distracted        |       |       |     1 |       ||     1
 Armour: Scale mail        |    48 |    40 |       |       ||    88
         Chain mail        |       |    26 |    22 |       ||    48
         Plate armour      |       |       |   110 |    57 ||   167
  Dodge: Dodged            |    39 |    34 |    49 |    17 ||   139
  Block: Buckler           |    10 |    15 |       |       ||    25
         Tower shield      |       |    18 |   251 |   124 ||   393

Table legend:
 A = Non-vault XP
 B = Vault XP
 C = Vault XP percentage of total XP
 D = Non-vault monster count
 E = Vault monster count
 F = Vault count percentage of total count
                 A         B        C        D         E       F
            +---------+---------+-------+---------+---------+-------
      Total |    4527 |    2582 |  36.3 |     137 |      43 |  23.9
            +---------+---------+-------+---------+---------+-------
        D:1 |      29 |       0 |   0.0 |      18 |       0 |   0.0
        D:2 |      69 |       2 |   2.8 |      13 |       1 |   7.1
        D:3 |      35 |      20 |  36.4 |       7 |       4 |  36.4
        D:4 |     538 |     472 |  46.7 |      20 |      22 |  52.4
        D:5 |     553 |     591 |  51.7 |      14 |       2 |  12.5
        D:6 |    1327 |       0 |   0.0 |      27 |       0 |   0.0
        D:7 |    1221 |     498 |  29.0 |      23 |       1 |   4.2
        D:8 |     755 |     999 |  57.0 |      15 |      13 |  46.4
            +---------+---------+-------+---------+---------+-------
